 Dungeon Crawl Stone Soup version 0.21.1-1-g345015fe64 (webtiles) character file.

14837 Htamos the Severer (level 11, -24/95 HPs)
             Began as a Minotaur Berserker on July 7, 2018.
             Was a High Priest of Trog.
             Killed from afar by Azrael (26 damage)
             ... with a bolt of fire
             ... on level 12 of the Dungeon.
             The game lasted 00:32:06 (11926 turns).

Htamos the Severer (Minotaur Berserker)            Turns: 11926, Time: 00:32:06

Health: -24/95     AC: 14    Str: 25    XL:     11   Next: 94%
Magic:  10/10      EV: 12    Int:  4    God:    Trog [*****.]
Gold:   402        SH:  0    Dex: 15    Spells: 10/10 levels left

rFire    . . .     SeeInvis .   D - +1 battleaxe (freeze)
rCold    . . .     Gourm    .   (shield currently unavailable)
rNeg     + . .     Faith    .   G - +0 plate armour
rPois    .         Spirit   .   (helmet restricted)
rElec    .         Reflect  .   C - +1 cloak
rCorr    .         Harm     .   (no gloves)
MR       .....                  (no boots)
Stlth    ..........             (no amulet)
HPRegen  0.25/turn              d - ring of positive energy
MPRegen  0.12/turn              (no ring)

@: agile, liquid flames, about to teleport, berserk cooldown, very slightly
contaminated, slowed, glowing, very heavily drained, very slow
A: retaliatory headbutt, horns 2
a: Berserk, Trog's Hand, Brothers in Arms, Burn Spellbooks, Renounce Religion


You were on level 12 of the Dungeon.
You worshipped Trog.
Trog was extremely pleased with you.
You were not hungry.

You visited 1 branch of the dungeon, and saw 12 of its levels.

You collected 665 gold pieces.
You spent 263 gold pieces at shops.

Inventory:

Hand Weapons
 a - a +0 hand axe
 r - a +0 antimagic broad axe
 y - a +2 hand axe of chopping
 A - a +0 war axe
 D - a +1 battleaxe of freezing (weapon)
Armour
 C - a +1 cloak (worn)
 G - a +0 plate armour (worn)
Jewellery
 d - a ring of positive energy (left hand)
Wands
 b - a wand of acid (4)
 w - a wand of paralysis (29)
 E - a wand of disintegration (11)
Scrolls
 e - a scroll of teleportation
 k - 3 scrolls of immolation
 n - 4 scrolls of remove curse
 t - 5 scrolls of enchant weapon
 v - 2 scrolls of enchant armour
 z - 7 scrolls of identify
Potions
 f - a potion of ambrosia {unknown}
 g - 3 potions of haste
 h - 3 potions of lignification
 i - 3 potions of curing
 l - 4 potions of brilliance
 m - 4 potions of might
 o - 2 potions of flight
 p - 3 potions of heal wounds
 u - 2 potions of magic
 x - a potion of mutation
Books
 s - a book of Minor Magic

   Spells                             Type                      Level
   a - Magic Dart                     Conjuration                  1
   b - Blink                          Translocation                2
   c - Call Imp                       Summoning                    2
   d - Slow                           Hexes                        2
   e - Conjure Flame                  Conjuration/Fire             3
   f - Mephitic Cloud                 Conjuration/Poison/Air       3
   Trog disapproves of the use of such an item.
Comestibles
 c - 16 rations


   Skills:
 + Level 8.7(4.0) Fighting
 * Level 18.5(12.6) Axes
 + Level 9.3(4.5) Armour
 - Level 2.1(0.0) Dodging
 + Level 0.3(0.0) Evocations


You had 10 spell levels left.
You didn't know any spells.

Dungeon Overview and Level Annotations

Branches:
Dungeon (12/15)            Temple (0/1) D:6            Lair (0/6) D:11
    Orc: D:9-12

Altars:
Ashenzari
Cheibriados
Elyvilon
Fedhas
Okawaru
Sif Muna
Trog
Vehumet
Zin
The Shining One

Shops:
D:5 (   D:7 !   D:11 *

Annotations:
D:4 2 transporters
D:12 Azrael


Innate Abilities, Weirdness & Mutations

You reflexively headbutt those who attack you in melee.
You have a pair of horns on your head.


Message History

You feel much better.
You are covered in liquid flames!
* * * LOW HITPOINT WARNING * * *
The hell hound closely misses you. The hell hound bites you.
* * * LOW HITPOINT WARNING * * *
Azrael hits you with a scimitar of flaming!
* * * LOW HITPOINT WARNING * * *
Azrael burns you.
* * * LOW HITPOINT WARNING * * *
As you read the scroll of teleportation, it crumbles to dust.
You feel strangely unstable.
You are covered in liquid flames!
* * * LOW HITPOINT WARNING * * *
The hell hound bites you but does no damage. x2
Azrael gestures at you. The sticky flame hits you!
You are covered in liquid flames!
Azrael gestures at you. The bolt of fire hits you!
You die...

##+###### #.......#
######## #.......#
#....... #.......#
###.......
#.......####.........
#...@..)'....#<......
#..Rh...######.....).
#..§....# #.......
##'###### ######.#
#.## . #..# ##§# #.#
.R.


You could see Azrael and a hell hound.

Vanquished Creatures
  4 two-headed ogres
  An unseen horror (D:11)
  2 ugly things (D:11)
  2 manticores (D:11)
  Maurice (D:8)
  The ghost of Chudej the Thaumaturge, a novice DECj of Vehumet (D:7)
  Psyche (D:8)
  A gargoyle (D:11)
  A komodo dragon (D:11)
  3 trolls
  2 hippogriffs
  A hornet (D:11)
  A spriggan (D:9)
  Sigmund (D:5)
  The ghost of GotenAND the Chopper, an amateur TrBe of Trog (D:4)
  A yak (D:11)
  A wyvern (D:8)
  2 fire elementals (D:12)
  A soldier ant (D:11)
  3 hell hounds (D:12)
  7 porcupines (D:11)
  2 ice beasts
  A black bear (D:10)
  3 phantoms
  3 orc warriors
  4 sky beasts
  3 ogres
  A necrophage (D:10)
  5 centaurs
  A crocodile (D:11)
  2 big kobolds
  7 bullfrogs
  2 scorpions
  A wyvern skeleton (D:7)
  3 killer bees (D:9)
  4 electric eels (D:10)
  3 howler monkeys (D:7)
  3 crimson imps
  A quasit (D:9)
  Crazy Yiuf (D:6)
  7 orc priests
  A hound (D:8)
  4 jellies
  3 centaur skeletons
  2 bullfrog skeletons
  3 iguanas
  14 orc wizards
  5 worker ants
  A hound zombie (D:6)
  4 hound skeletons
  A worker ant zombie (D:5)
  11 gnolls
  15 adders
  2 shadow imps
  An adder zombie (D:5)
  An adder skeleton (D:5)
  3 worms
  5 leopard geckos
  24 orcs
  2 ball pythons
  5 giant cockroaches
  10 goblins
  7 hobgoblins
  21 jackals
  A quokka (D:3)
  8 bats
  9 frilled lizards
  2 goblin skeletons (D:9)
  2 goblin zombies (D:9)
  2 hobgoblin zombies (D:9)
  11 kobolds
  2 kobold skeletons (D:9)
  An orc zombie (D:9)
  5 rats
  3 fungi (D:11)
  4 plants (D:11)
290 creatures vanquished.

Vanquished Creatures (collateral kills)
  Sonja (D:11)
1 creature vanquished.

Vanquished Creatures (others)
  A shadow imp (D:10)
  18 fungi
  4 plants (D:11)
23 creatures vanquished.

Grand Total: 314 creatures vanquished

Notes
Turn   | Place    | Note
-------+----------+-------------------------------------------
     0 | D:1      | Htamos the Minotaur Berserker began the quest for the Orb.
     0 | D:1      | Reached XP level 1. HP: 19/19 MP: 0/0
   266 | D:1      | Reached skill level 4 in Axes
   275 | D:1      | Reached XP level 2. HP: 25/26 MP: 1/1
   647 | D:2      | Reached skill level 5 in Axes
   656 | D:2      | Reached ** piety under Trog
   724 | D:2      | Reached XP level 3. HP: 30/31 MP: 2/2
   837 | D:2      | Found a deep blue altar of Sif Muna.
   882 | D:2      | Found a blossoming altar of Fedhas.
  1138 | D:2      | Found an iron altar of Okawaru.
  1138 | D:2      | Found a bloodstained altar of Trog.
  1436 | D:3      | Reached skill level 6 in Axes
  1436 | D:3      | Reached XP level 4. HP: 32/39 MP: 3/3
  1713 | D:3      | Reached *** piety under Trog
  1713 | D:3      | Reached skill level 7 in Axes
  1713 | D:3      | Reached XP level 5. HP: 28/45 MP: 4/4
  2457 | D:4      | Reached skill level 8 in Axes
  2466 | D:4      | Reached XP level 6. HP: 39/51 MP: 5/5
  2880 | D:4      | Noticed GotenAND's ghost (amateur TrBe)
  2899 | D:4      | Killed GotenAND's ghost
  2899 | D:4      | Reached skill level 9 in Axes
  2982 | D:4      | Reached XP level 7. HP: 45/57 MP: 6/6
  3070 | D:4      | Reached skill level 10 in Axes
  3221 | D:4      | Found a transporter.
  3255 | D:4      | Reached skill level 11 in Axes
  3499 | D:4      | Found a transporter.
  3824 | D:5      | Entered Level 5 of the Dungeon
  3872 | D:5      | Reached **** piety under Trog
  3892 | D:5      | Reached XP level 8. HP: 47/64 MP: 7/7
  4488 | D:5      | Reached skill level 12 in Axes
  4562 | D:5      | Found Fydoen's Antique Weapon Boutique.
  4567 | D:5      | Noticed Sigmund
  4576 | D:5      | Killed Sigmund
  4622 | D:5      | Bought a war axe for 101 gold pieces
  4636 | D:5      | Found a snail-covered altar of Cheibriados.
  5022 | D:6      | Found a shattered altar of Ashenzari.
  5282 | D:6      | Found a runed door.
  5286 | D:6      | Noticed Crazy Yiuf
  5295 | D:6      | Killed Crazy Yiuf
  5447 | D:6      | Reached skill level 13 in Axes
  5588 | D:6      | Found a staircase to the Ecumenical Temple.
  5821 | D:7      | Reached XP level 9. HP: 59/71 MP: 8/8
  5957 | D:7      | Reached ***** piety under Trog
  6012 | D:7      | Found Pitur's Distillery.
  6017 | D:7      | Noticed Chudej's ghost (novice DECj)
  6042 | D:7      | Killed Chudej's ghost
  6042 | D:7      | Reached skill level 14 in Axes
  6247 | D:7      | Bought a potion of curing for 36 gold pieces
  6247 | D:7      | Bought a potion of lignification for 36 gold pieces
  6613 | D:8      | Noticed Maurice
  6745 | D:8      | Noticed Psyche
  6769 | D:8      | Killed Psyche
  6769 | D:8      | Reached skill level 5 in Armour
  6809 | D:8      | Reached skill level 5 in Fighting
  6809 | D:8      | Reached skill level 15 in Axes
  7007 | D:8      | Paralysed by something for 4 turns
  7014 | D:8      | Killed Maurice
  7017 | D:8      | Reached XP level 10. HP: 71/81 MP: 9/9
  7553 | D:8      | Found a blossoming altar of Fedhas.
  7557 | D:8      | Found a radiant altar of Vehumet.
  7558 | D:8      | Found a snail-covered altar of Cheibriados.
  7559 | D:8      | Found a glowing silver altar of Zin.
  7559 | D:8      | Found a white marble altar of Elyvilon.
  7628 | D:8      | Noticed a two-headed ogre
  7636 | D:8      | Killed a two-headed ogre
  7883 | D:8      | Received a gift from Trog
  8249 | D:9      | Noticed a two-headed ogre
  8252 | D:9      | Killed a two-headed ogre
  8252 | D:9      | Reached skill level 16 in Axes
  8354 | D:9      | Noticed a two-headed ogre
  8364 | D:9      | Killed a two-headed ogre
  8540 | D:9      | Found a glowing golden altar of the Shining One.
  8728 | D:9      | Reached XP level 11. HP: 89/91 MP: 10/10
  9035 | D:10     | Entered Level 10 of the Dungeon
  9236 | D:10     | Reached skill level 17 in Axes
 10314 | D:11     | Found a staircase to the Lair.
 10324 | D:11     | Noticed a two-headed ogre
 10329 | D:11     | Noticed a brown ugly thing
 10336 | D:11     | Noticed a cyan ugly thing
 10337 | D:11     | Killed a two-headed ogre
 10343 | D:11     | Killed a brown ugly thing
 10351 | D:11     | Killed a cyan ugly thing
 10355 | D:11     | Received a gift from Trog
 10556 | D:11     | Reached skill level 18 in Axes
 10721 | D:11     | Killed an unseen horror
 10739 | D:11     | Noticed Sonja
 11502 | D:11     | Found Gyntol's General Store.
 11678 | D:11     | Bought a scroll of enchant weapon for 90 gold pieces
 11686 | D:11     | Killed Sonja
 11900 | D:12     | Noticed Azrael
 11926 | D:12     | HP: 1/95 [burnt (10)]
 11926 | D:12     | Killed from afar by Azrael

Skill      XL: |  1  2  3  4  5  6  7  8  9 10 11 |
---------------+----------------------------------+-----
Axes           | 4 5 6 7 8 9 11 13 15 16 18 | 18.5
Armour         | 3 5 7 9 |  9.3
Fighting       | 5 6 8 |  8.7
Dodging        | |  2.1
Evocations     | |  0.3

Action                   |  1- 3 |  4- 6 |  7- 9 | 10-12 || total
-------------------------+-------+-------+-------+-------++-------
Melee: Hand axe          |   120 |   147 |   141 |    35 ||   443
       Headbutt          |    21 |    22 |    54 |    51 ||   148
       War axe           |       |       |   152 |    24 ||   176
       Battleaxe         |       |       |       |   286 ||   286
Invok: Berserk           |       |       |     6 |     9 ||    15
       Brothers in Arms  |       |       |     1 |     1 ||     2
       Burn Spellbooks   |       |       |       |     3 ||     3
Evoke: Wand              |       |       |       |     5 ||     5
  Use: Scroll            |       |       |    17 |     6 ||    23
       Potion            |       |       |     1 |     5 ||     6
  Eat: Chunk             |     1 |     3 |    11 |    14 ||    29
       Ration            |       |     1 |     2 |     3 ||     6
Armor: Animal skin       |    23 |       |       |       ||    23
       Chain mail        |    28 |    47 |   131 |    19 ||   225
       Plate armour      |       |       |       |   195 ||   195
Dodge: Dodged            |    59 |    41 |    98 |   121 ||   319
